[Event "*** Titled Tuesday Blitz"]
[Site "Chess.com"]
[Date "2021.04.06"]
[Round "11"]
[White "PolandHussars"]
[Black "mac0504"]
[Result "0-1"]
[WhiteElo "2608"]
[BlackElo "2541"]
[TimeControl "180+1"]
[EndTime "12:03:35 PDT"]
[Termination "mac0504 won by checkmate"]

1. e4 c6 2. d4 d5 3. e5 c5 4. c4 Nc6 5. Nf3 Bg4 6. cxd5 Nxd4 7. Nxd4 Bxd1 8. Bb5+ Qd7 9. e6 fxe6 10. dxe6 Qxb5 11. Nxb5 O-O-O 12. Bf4 b6 13. Nxa7+ Kb7 14. Nb5 Bg4 15. Nc7 Rd1# 0-1

[Event "*** Titled Tuesday Blitz"]
[Site "Chess.com"]
[Date "2021.04.06"]
[Round "11"]
[White "jraosam"]
[Black "Rodchenkov_Vitalij"]
[Result "1-0"]
[WhiteElo "1899"]
[BlackElo "2117"]
[TimeControl "180+1"]
[EndTime "12:03:39 PDT"]
[Termination "jraosam won by resignation"]

1. d4 Nf6 2. e3 b6 3. f4 Bb7 4.
c4 d6 5. Nc3 Nbd7 6. Nf3 e5 7.
d5 exf4 8. exf4 Qe7+ 9. Be2 g6 10. O-O O-O-O 11. Nd4 Bg7 12. Nc6 Bxc6 13. dxc6 Nb8 14.
Qa4 a5 15. Re1 Qe8 16. Nd5 Qxc6 17. Ne7+ 1-0

[Event "*** Titled Tuesday Blitz"]
[Site "Chess.com"]
[Date "2021.04.06"]
[Round "11"]
[White "Two_Towers_Krakow"]
[Black "blitzking1729"]
[Result "0-1"]
[WhiteElo "2529"]
[BlackElo "2634"]
[TimeControl "180+1"]
[EndTime "12:03:45 PDT"]
[Termination "blitzking1729 won by resignation"]

1. e4 c5 2. Nf3 e6 3. d4 cxd4 4. Nxd4 a6 5. Bd3 Bc5 6. Nb3 Be7 7. O-O Nc6 8. Qe2 Qc7 9. f4 d6 10. c4 Nf6 11. Nc3 e5 12. Nd5 Nxd5 13. exd5 Nb4 14. Bb1 a5 15. a3 Na6 16. Kh1 a4 17. Nd2 Nc5 18. Bc2 O-O 19. f5 Bg5 20. f6 g6 21. Ne4 Bxc1 22. Raxc1 Nxe4 23. Bxe4 h6 24. Qh5 gxh5 0-1

[Event "*** Titled Tuesday Blitz"]
[Site "Chess.com"]
[Date "2021.04.06"]
[Round "11"]
[White "Darius321"]
[Black "Maddie"]
[Result "1-0"]
[WhiteElo "2267"]
[BlackElo "2071"]
[TimeControl "180+1"]
[EndTime "12:03:45 PDT"]
[Termination "Darius321 won by resignation"]

1. e4 c6 2. d4 d5 3. exd5 cxd5 4. c4 Nc6 5. Nc3 Nf6 6. Bg5 dxc4 7. d5 Nb4 8. Qa4+ Bd7 9. Qxb4 e6 10. Qxc4 exd5 11.
Qe2+ Be7 12. Bxf6 gxf6 13. Nf3 Be6 14. Nd4 Qd7 15. Qb5 O-O-O 16. Qxd7+ Rxd7 17. Bd3 a6 18. O-O-O f5 19. Rhe1 Bg5+ 20. Kb1 Re8 21. g3 Rde7 22. f4 Bf6 23. Nxf5 Bxf5 24. Bxf5+ Kc7 25. Nxd5+ 1-0

[Event "*** Titled Tuesday Blitz"]
[Site "Chess.com"]
[Date "2021.04.06"]
[Round "11"]
[White "tusplingher"]
[Black "FMalexhdez"]
[Result "0-1"]
[WhiteElo "2299"]
[BlackElo "2204"]
[TimeControl "180+1"]
[EndTime "12:03:49 PDT"]
[Termination "FMalexhdez won by resignation"]

1. e4 c5 2. d4 d6 3. dxc5 Qa5+ 4. Nc3 dxc5 5. Nf3 e6 6. Bc4 Nc6 7. O-O a6 8. Re1 b5 9. Bd5 Bb7 10. Bxc6+ Bxc6 11. Ne5 Rc8 12. Bf4 Nf6 13. Nxc6 Rxc6 14. Nd5 Be7 15. Nxe7 Kxe7 16. Bg5 h6 17. Bh4 g5 18.
Bg3 Rd8 19. Qf3 Rcc8 20. Be5 Nd7 21. Bc3 b4 22. Bg7 Rg8 23. Bxh6 Rg6 24. Rad1 Rxh6 25. Rxd7+ Kxd7 26. Qxf7+ Kc6 27. Rd1 Qc7 28. Qf3 Qxh2+ 29. Kf1 Qf4 30. Qd3 Rh1+ 31. Ke2 Rxd1 0-1

[Event "*** Titled Tuesday Blitz"]
[Site "Chess.com"]
[Date "2021.04.06"]
[Round "11"]
[White "kuli4ik"]
[Black "babyking1205"]
[Result "0-1"]
[WhiteElo "2860"]
[BlackElo "2629"]
[TimeControl "180+1"]
[EndTime "12:03:56 PDT"]
[Termination "babyking1205 won by resignation"]

1. Nf3 c5 2. e3 Nf6 3. d4 cxd4 4.
exd4 g6 5. Bd3 Bg7 6. O-O O-O 7. Re1 d5 8. h3 Nc6 9. c3 Re8 10. Bf4 Bf5 11. Qc2 e6 12. Nbd2 a6 13. Ne5 Rc8 14.
Qb1 Nxe5 15. Bxe5 Nd7 16. Bxg7 Kxg7 17. Nf3 b5 18. a3 Nb6 19. Qd1 Nc4 20. Re2 Qd6 21.
Ne1 h5 22. Bxf5 exf5 23. Nd3 Re4 24. f3 Re3 25. Rxe3 Nxe3 26. Qd2 f4 27. Re1 Re8 28. Qf2 f6 29. Qd2 g5 30. Re2 Re6 31. Qe1 Qe7 32. Nc5 Rc6 33. a4 Rxc5 34. dxc5 Qxc5 35. Kh2 bxa4 36. Qd2 Nf1+ 0-1

[Event "*** Titled Tuesday Blitz"]
[Site "Chess.com"]
[Date "2021.04.06"]
[Round "11"]
[White "Aslanov_Umid"]
[Black "CakeinSpace2002"]
[Result "1-0"]
[WhiteElo "2412"]
[BlackElo "2325"]
[TimeControl "180+1"]
[EndTime "12:04:03 PDT"]
[Termination "Aslanov_Umid won by resignation"]

1. e4 c5 2. Nf3 Nc6 3. d4 cxd4 4.
Nxd4 Nf6 5. Nc3 e5 6. Ndb5 d6 7.
Bg5 a6 8. Na3 b5 9. Nd5 Be7 10.
Bxf6 Bxf6 11. c3 O-O 12. Nc2 Rb8 13. Be2 Bg5 14. h4 Bh6 15. Bg4 Kh8 16. Nce3 a5 17. Bxc8 Qxc8 18. Nf5 Bf4 19. Nxd6 Qe6 20. Nf5 g6 21. Nfe3 Bxe3 22. Nxe3 b4 23. Qg4 Qd6 24. O-O bxc3 25. bxc3 Rb2 26. Nc4 Qb8 27. Nxb2 Qxb2 28. Qf3 Kg7 29. Rfb1 Qc2 30. Rb6 Rc8 31. Rd1 Qxa2 32.
Rd6 Qc4 33. Qf6+ Kg8 34. Rbxc6 1-0

[Event "*** Titled Tuesday Blitz"]
[Site "Chess.com"]
[Date "2021.04.06"]
[Round "11"]
[White "ehrenfeld"]
[Black "alejogarcia1999"]
[Result "1-0"]
[WhiteElo "2534"]
[BlackElo "2417"]
[TimeControl "180+1"]
[EndTime "12:04:04 PDT"]
[Termination "ehrenfeld won by resignation"]

1. e4 c5 2. Nf3 e6 3. d3 Nc6 4. g3 g6 5. Bg2 Bg7 6. O-O Nge7 7. c3 O-O 8. d4 cxd4 9. cxd4 d5 10. e5 Nf5 11. Nc3 b6 12. Bg5 Qd7 13. Qd2 Ba6 14.
Rfe1 Na5 15. b3 Rac8 16. Rac1 Rc7 17. g4 Ne7 18. Bf6 Rfc8 19. h4 Rc6 20. h5 Bf8 21. hxg6 hxg6 22. Ng5 Qc7 23. Qf4 Rxc3 24. Qh2 1-0

[Event "*** Titled Tuesday Blitz"]
[Site "Chess.com"]
[Date "2021.04.06"]
[Round "11"]
[White "Redzishchess"]
[Black "InitiatingASC"]
[Result "1-0"]
[WhiteElo "2350"]
[BlackElo "2422"]
[TimeControl "180+1"]
[EndTime "12:04:04 PDT"]
[Termination "Redzishchess won by resignation"]

1. e4 c5 2. Nf3 Nc6 3. d4 cxd4 4. Nxd4 Nf6 5. Nc3 e5 6. Ndb5 h6 7. Be2 d6 8. Nd5 Nxd5 9. exd5 Nb8 10. c4 Be7 11. c5 O-O 12. O-O a6 13. Nxd6 Bxd6 14. cxd6 Qxd6 15. Be3 Rd8 16. Rc1 Bf5 17. Qb3 Qxd5 18. Rfd1 Qa5 19. Bb6 Rxd1+ 20. Rxd1 Bc2 21. Rd8+ Kh7 22. Qxc2+ 1-0

[Event "*** Titled Tuesday Blitz"]
[Site "Chess.com"]
[Date "2021.04.06"]
[Round "11"]
[White "SergioGarciaFuentes"]
[Black "DonBroca"]
[Result "1-0"]
[WhiteElo "2326"]
[BlackElo "2207"]
[TimeControl "180+1"]
[EndTime "12:04:06 PDT"]
[Termination "SergioGarciaFuentes won by resignation"]

1. Nf3 c5 2. g3 d6 3. Bg2 g6 4. O-O Bg7 5. d4 Nf6 6. dxc5 dxc5 7. Qxd8+ Kxd8 8. Nc3 Nc6 9. Be3 b6 10. Ng5 Bd7 11.
Nxf7+ Kc8 12. Nxh8 Bxh8 13. Rad1 Ng4 14. Bh3 h5 15.
Bg5 Bd4 16. e3 Bf6 17. Bxf6 exf6 18. Rfe1 Nce5 19. Kg2 Bc6+ 20. e4 f5 21. f3 Nf6 22.
Nd5 Nxd5 23. exd5 1-0

[Event "*** Titled Tuesday Blitz"]
[Site "Chess.com"]
[Date "2021.04.06"]
[Round "11"]
[White "Hard_Utilizator"]
[Black "alexrustemov"]
[Result "0-1"]
[WhiteElo "2508"]
[BlackElo "2652"]
[TimeControl "180+1"]
[EndTime "12:04:07 PDT"]
[Termination "alexrustemov won by resignation"]

1. e4 e6 2. d4 d5 3. Nd2 c5 4. exd5 Qxd5 5. Ngf3 cxd4 6. Nb3 e5 7. c3 Nc6 8. cxd4 e4 9. Nfd2 Nf6 10. Bc4 Qg5 11.
Nxe4 Qxg2 12. Nxf6+ gxf6 13. Qe2+ Be7 14. Rf1 Bh3 15. Qh5 O-O-O 16. Be3 Bb4+ 17. Kd1 Bg4+ 0-1

[Event "*** Titled Tuesday Blitz"]
[Site "Chess.com"]
[Date "2021.04.06"]
[Round "11"]
[White "superchess02"]
[Black "evgchess5"]
[Result "1/2-1/2"]
[WhiteElo "2823"]
[BlackElo "2908"]
[TimeControl "180+1"]
[EndTime "12:04:09 PDT"]
[Termination "Game drawn by repetition"]

1. d4 Nf6 2. c4 e6 3. Nf3 d5 4.
Nc3 Nbd7 5. Bg5 c6 6. e3 Qa5 7. Nd2 Bb4 8. Qc2 O-O 9. Be2 dxc4 10. Bxf6 Nxf6 11. Nxc4 Bxc3+ 12. bxc3 Qc7 13. O-O b6 14. Ne5 Bb7 15. Bf3 c5 16. Bxb7 Qxb7 17. a4 Rfc8 18.
Qb2 cxd4 19. cxd4 Ne4 20. a5 b5 21. a6 Qb6 22. Nd7 Qc6 23. Ne5 Qb6 24. Nd7 Qc6 25. Ne5 Qb6 1/2-1/2

[Event "*** Titled Tuesday Blitz"]
[Site "Chess.com"]
[Date "2021.04.06"]
[Round "11"]
[White "nrvisakh"]
[Black "Skat2704"]
[Result "1-0"]
[WhiteElo "2778"]
[BlackElo "2646"]
[TimeControl "180+1"]
[EndTime "12:04:09 PDT"]
[Termination "nrvisakh won by resignation"]

1. e4 c6 2. Nf3 d5 3. d3 Nd7 4. g3 g6 5. Bg2 Bg7 6. O-O e5 7. exd5 cxd5 8. c4 d4 9. Re1 Ne7 10. Nbd2 O-O 11. Ne4 h6 12. b3 f5 13. Nd6 Nc6 14. Ba3 Qa5 15. Nb5 Re8 16. b4 Qd8 17.
Nd6 Re6 18. c5 Kh7 19. b5 Ne7 20. Nxd4 Rf6 21. Nf3 Qa5 22. Qb3 e4 23. dxe4 fxe4 24. Nxe4 1-0

[Event "*** Titled Tuesday Blitz"]
[Site "Chess.com"]
[Date "2021.04.06"]
[Round "11"]
[White "ega2006"]
[Black "MasterKroket"]
[Result "0-1"]
[WhiteElo "2404"]
[BlackElo "2528"]
[TimeControl "180+1"]
[EndTime "12:04:11 PDT"]
[Termination "MasterKroket won by resignation"]

1. e4 c5 2. Nf3 e6 3. Nc3 Nc6 4. d4 cxd4 5. Nxd4 Qc7 6. Nxc6 Qxc6 7. Bd3 a6 8. O-O b5 9. Re1 Bb7 10. Nd5 Ne7 11. Bf4 Nxd5 12. exd5 Qxd5 13. Qg4 h5 14. Qg3 h4 15. Qg4 Qh5 16. Qxh5 Rxh5 17. a4 b4 18. Be4 Bxe4 19. Rxe4 Rc5 20. Rxb4 Rxc2 21. Rb7 Rac8 22. Be3 Bc5 23. Kf1 Bxe3 24. fxe3 Rd2 0-1

[Event "*** Titled Tuesday Blitz"]
[Site "Chess.com"]
[Date "2021.04.06"]
[Round "11"]
[White "JQuiroga18"]
[Black "Zmof"]
[Result "0-1"]
[WhiteElo "2379"]
[BlackElo "2226"]
[TimeControl "180+1"]
[EndTime "12:04:16 PDT"]
[Termination "Zmof won by resignation"]

1. e4 c5 2. Nf3 Nc6 3. d4 cxd4 4. Nxd4 Qb6 5. Nb3 Nf6 6. Be3 Qc7 7. Nc3 e6 8. Bd3 d6 9. O-O a6 10. a4 b6 11. f4 Bb7 12. Qf3 Be7 13. Rae1 O-O 14.
Nd4 Nxd4 15. Bxd4 e5 16. Be3 exf4 17. Bxf4 Nd7 18. Nd5 Bxd5 19. exd5 Ne5 20. Bxe5 dxe5 21. Qf5 g6 22. Qxe5 Bd6 23. Qg5 Bxh2+ 24. Kh1 a5 25. Re3 Bd6 26. Rh3 f5 27. Bxf5 Qc4 28. Be6+ Kh8 29.
Rhf3 Qxf1+ 0-1

[Event "*** Titled Tuesday Blitz"]
[Site "Chess.com"]
[Date "2021.04.06"]
[Round "11"]
[White "c_r_e_e_p_e_r"]
[Black "VladimirBugayev"]
[Result "1-0"]
[WhiteElo "2364"]
[BlackElo "2253"]
[TimeControl "180+1"]
[EndTime "12:04:19 PDT"]
[Termination "c_r_e_e_p_e_r won on time"]

1. d4 Nf6 2. Nf3 g6 3. c4 c5 4. g3 cxd4 5. Nxd4 Nc6 6. Bg2 Bg7 7. O-O O-O 8. e4 d6 9. Nc2 Be6 10. Qe2 Rc8 11. Nc3 Na5 12. b3 a6 13. Bb2 Qb6 14. Ne3 Rfe8 15. Ncd5 Bxd5 16. exd5 Qd8 17. Bd4 Nd7 18.
Bxg7 Kxg7 19. b4 Ne5 20. bxa5 Qxa5 21. f4 Nd7 22. Qb2+ 1-0

[Event "*** Titled Tuesday Blitz"]
[Site "Chess.com"]
[Date "2021.04.06"]
[Round "11"]
[White "AlexPapasimakopoulos"]
[Black "fastestmindalive"]
[Result "0-1"]
[WhiteElo "2642"]
[BlackElo "2785"]
[TimeControl "180+1"]
[EndTime "12:04:23 PDT"]
[Termination "fastestmindalive won by checkmate"]

1. d4 Nf6 2. c4 e6 3. Nc3 Bb4 4.
Qc2 Nc6 5. Nf3 d6 6. Bd2 Qe7 7. a3 Bxc3 8. Bxc3 a5 9. e4 e5 10. d5 Nb8 11. b4 O-O 12. Bd3 axb4 13. axb4 Rxa1+ 14. Bxa1 Nxe4 15. Bxe4 f5 16. O-O fxe4 17. Qxe4 Rf4 18. Qc2 Rxf3 19. gxf3 Bh3 20. f4 exf4 21.
f3 Qg5+ 22. Kh1 Bxf1 23. c5 Nd7 24. Bd4 Qxd5 25. Bg1 Qxf3+ 26. Qg2 Qxg2# 0-1

[Event "*** Titled Tuesday Blitz"]
[Site "Chess.com"]
[Date "2021.04.06"]
[Round "11"]
[White "KroshkaKami"]
[Black "LEGENYA1998"]
[Result "1-0"]
[WhiteElo "2365"]
[BlackElo "2230"]
[TimeControl "180+1"]
[EndTime "12:04:29 PDT"]
[Termination "KroshkaKami won by checkmate"]

1. e4 c6 2. Nf3 d5 3. d3 dxe4 4.
dxe4 Qxd1+ 5. Kxd1 g6 6. Nbd2 Bg7 7. a4 Bg4 8. a5 Nd7 9. Be2 O-O-O 10. Ne1 Bxe2+ 11.
Kxe2 e6 12. Nc4 Nc5 13. f3 Ne7 14. Be3 Bd4 15. Bf4 e5 16. Bg5 Rhe8 17. c3 Nb3 18. Ra3 Bc5 19. Rxb3 Kc7 20. Bf6 b5 21. axb6+ axb6 22. Bxe5+ Kb7 23. Nd3 Ka6 24. Nxc5+ bxc5 25. Ra1# 1-0

[Event "*** Titled Tuesday Blitz"]
[Site "Chess.com"]
[Date "2021.04.06"]
[Round "11"]
[White "Arseniy_Nesterov"]
[Black "Sergey85Rodchenkov"]
[Result "1-0"]
[WhiteElo "2742"]
[BlackElo "2522"]
[TimeControl "180+1"]
[EndTime "12:04:32 PDT"]
[Termination "Arseniy_Nesterov won by resignation"]

1. d4 Nf6 2. c4 e6 3. Nf3 b6 4. a3 Bb7 5. Nc3 Ne4 6. Nxe4 Bxe4 7. Bf4 Bg6 8. h4 h6 9. h5 Bh7 10. e3 d6 11. Bd3 Bxd3 12. Qxd3 Nd7 13. O-O-O Be7 14.
g4 Qc8 15. Qe4 c6 16. g5 d5 17. Qc2 hxg5 18. Nxg5 Qa6 19. Nxf7 Kxf7 20. Qg6+ Kf8 21. h6 Qxc4+ 22. Kb1 gxh6 23. Bxh6+ Rxh6 24. Rxh6 Nf6 25. Rh8+ 1-0

[Event "*** Titled Tuesday Blitz"]
[Site "Chess.com"]
[Date "2021.04.06"]
[Round "11"]
[White "PushingpawnsNYC"]
[Black "cukin84"]
[Result "0-1"]
[WhiteElo "2280"]
[BlackElo "2121"]
[TimeControl "180+1"]
[EndTime "12:04:32 PDT"]
[Termination "cukin84 won on time"]

1. e4 c6 2. d4 d5 3. exd5 cxd5 4.
Bd3 Nc6 5. c3 Nf6 6. h3 g6 7.
Nf3 Bf5 8. Be2 Bg7 9. O-O O-O 10. Na3 a6 11. Nc2 b5 12. Ne3 Bd7 13. Re1 b4 14. Bd2 bxc3 15. bxc3 Na5 16. Ne5 e6 0-1

[Event "*** Titled Tuesday Blitz"]
[Site "Chess.com"]
[Date "2021.04.06"]
[Round "11"]
[White "Niktlt"]
[Black "gahryman"]
[Result "0-1"]
[WhiteElo "2571"]
[BlackElo "2728"]
[TimeControl "180+1"]
[EndTime "12:04:38 PDT"]
[Termination "gahryman won by resignation"]

1. e4 c5 2. f3 Nc6 3. Nc3 g6 4.
Bc4 Bg7 5. Nge2 e6 6. Bb3 Nge7 7. d3 O-O 8. Be3 Nd4 9. O-O d5 10. Bf2 a6 11. Nxd4 cxd4 12. Ne2 e5 13. Bh4 dxe4 14.
fxe4 Qd6 15. Ng3 Be6 16. Qd2 Bxb3 17. axb3 Rac8 18. Rf2 f6 19. Ne2 Kh8 20. Raf1 Ng8 21. Nc1 Rc6 22. Qd1 Rfc8 23. Re2 Qc7 24. Rff2 Bh6 25.
Kh1 Be3 26. c4 dxc3 27. bxc3 Bxf2 28. Bxf2 Rxc3 29. Na2 Rc2 30. Nb4 Rc1 0-1

[Event "*** Titled Tuesday Blitz"]
[Site "Chess.com"]
[Date "2021.04.06"]
[Round "11"]
[White "m_ezat"]
[Black "esapunov"]
[Result "0-1"]
[WhiteElo "2564"]
[BlackElo "2712"]
[TimeControl "180+1"]
[EndTime "12:04:49 PDT"]
[Termination "esapunov won by resignation"]

1. d4 Nf6 2. c4 g6 3. Nc3 Bg7 4. e4 O-O 5. Be2 d6 6. Bg5 Na6 7. Qd2 e5 8. d5 c6 9. f3 cxd5 10.
cxd5 Bd7 11. g4 Qa5 12. h4 h5 13. Bxf6 Bxf6 14. gxh5 Kg7 15. h6+ Kh7 16. Nh3 Bxh3 17. Rxh3 Nc5 18. Rb1 Qd8 19. b4 Bxh4+ 20. Kf1 Bg5 21.
Qd1 Nd7 22. Kg2 Nf6 23. Bd3 Nh5 24. Ne2 Nf4+ 25. Nxf4 Bxf4 26. Kh1 Rc8 27. Qe2 Rc3 28. Rg1 Qb6 29. Rh4 Be3 30. Rg2 Rfc8 31. Kh2 Qd4 32. Bb1 Rc1 33. Bd3 R8c3 34. Bb5 Bg1+ 35. Kh3 Re3 36. Qb2 Rxf3+ 0-1

[Event "*** Titled Tuesday Blitz"]
[Site "Chess.com"]
[Date "2021.04.06"]
[Round "11"]
[White "Guzman70"]
[Black "Cptn2"]
[Result "0-1"]
[WhiteElo "2367"]
[BlackElo "2542"]
[TimeControl "180+1"]
[EndTime "12:04:49 PDT"]
[Termination "Cptn2 won by resignation"]

1. d4 Nf6 2. Bf4 e6 3. e3 b6 4.
Nf3 Bb7 5. a4 Be7 6. a5 O-O 7. a6 Bc8 8. c4 Nxa6 9. Ne5 Nb4 10. Be2 Bb7 11. O-O a5 12. Bg3 d6 13.
Nd3 Nxd3 14. Bxd3 Ne4 15. Nc3 Nxg3 16. hxg3 f5 17. f4 Rf6 18. Kf2 Rh6 19. Rh1 Rxh1 20. Qxh1 Qd7 21. Qh3 Bf6 22. Rh1 g6 23. g4 fxg4 24.
Qxg4 a4 25. Ne4 Rf8 26. Qh3 Qe7 27. g4 e5 28. d5 exf4 29. exf4 Bxb2 30. f5 a3 31. Ke2 a2 32. fxg6 hxg6 33. Qh8+ Bxh8 0-1

[Event "*** Titled Tuesday Blitz"]
[Site "Chess.com"]
[Date "2021.04.06"]
[Round "11"]
[White "rquery98"]
[Black "GigaQuparadze"]
[Result "1/2-1/2"]
[WhiteElo "2669"]
[BlackElo "2842"]
[TimeControl "180+1"]
[EndTime "12:04:54 PDT"]
[Termination "Game drawn by agreement"]

1. Nf3 c5 2. c4 Nc6 3. Nc3 g6 4. g3 Bg7 5. Bg2 d6 6. O-O e6 7. e3 Nge7 8. d4 O-O 9. dxc5 dxc5 10. Qc2 Nb4 11. Qb1 Bd7 12. a3 Nbc6 13. Rd1 Qc8 14. Qc2 Ne5 15. Nxe5 Bxe5 16. b3 Bc6 17. Bb2 Bxg2 18.
Kxg2 Qc6+ 19. f3 Nf5 20. Kf2 Rad8 21. Ne4 Qc7 22. f4 Bg7 23. Rxd8 Rxd8 24. Bxg7 Nxg7 25. Nf6+ Kh8 26. Rd1 Qe7 27. Rxd8+ Qxd8 28. Qc3 b6 29. g4 h6 30. Ke2 Qa8 31. e4 Qd8 32. h4 Qd6 33.
Ne8 Qf8 34. Qxg7+ Qxg7 35. Nxg7 Kxg7 36. e5 g5 37. fxg5 hxg5 38. h5 a5 39. a4 Kh6 40.
Ke3 Kg7 41. Ke4 Kh6 42. Kf3 1/2-1/2

[Event "*** Titled Tuesday Blitz"]
[Site "Chess.com"]
[Date "2021.04.06"]
[Round "11"]
[White "tandaleo"]
[Black "TosicSrecko"]
[Result "0-1"]
[WhiteElo "2396"]
[BlackElo "2338"]
[TimeControl "180+1"]
[EndTime "12:05:05 PDT"]
[Termination "TosicSrecko won by resignation"]

1. Nf3 d5 2. g3 Nf6 3. Bg2 e6 4. O-O Be7 5. d3 O-O 6. Nbd2 c5 7. e4 h6 8. e5 Nh7 9. c4 Nc6 10. b3 Rb8 11. a4 a6 12. Bb2 Re8 13. d4 Nb4 14. cxd5 Nxd5 15. dxc5 Bxc5 16. Nc4 b5 17.
axb5 axb5 18. Nd6 Bxd6 19. exd6 f6 20. Re1 Qxd6 21. Nd4 Nf8 22. Ra7 Rd8 23. Qg4 Rd7 24. Raa1 Re7 25. Rad1 Qb4 26. Bxd5 exd5 27. Qf4 Rxe1+ 0-1

[Event "*** Titled Tuesday Blitz"]
[Site "Chess.com"]
[Date "2021.04.06"]
[Round "11"]
[White "BahadirOzen"]
[Black "Blitzking642"]
[Result "1/2-1/2"]
[WhiteElo "2696"]
[BlackElo "2448"]
[TimeControl "180+1"]
[EndTime "12:05:07 PDT"]
[Termination "Game drawn by repetition"]

1. g3 g6 2. Bg2 Bg7 3. d4 Nf6 4. Nf3 d6 5. O-O O-O 6. Nbd2 Nbd7 7. e4 e5 8. dxe5 Nxe5 9. Nxe5 dxe5 10. Qe2 Qe7 11.
b3 Bg4 12. Nf3 Nd7 13. h3 Bxf3 14. Bxf3 Nc5 15. Ba3 Rfd8 16. Rad1 b6 17. h4 h5 18.
Rxd8+ Rxd8 19. Rd1 Bf8 20. Kg2 Rxd1 21. Qxd1 Qd7 22.
Qxd7 Nxd7 23. Bb2 f6 24. g4 hxg4 25. Bxg4 Nc5 26. Kf3 Kf7 27. h5 gxh5 28. Bxh5+ Ke7 29. Ba3 Bh6 30. Bxc5+ bxc5 31. Ke2 Kd6 32. Kd3 c6 33.
Kc4 Bd2 34. Bg4 Be1 35. f3 Bd2 36. Kd3 Be1 37. Kc4 Bd2 38. Bf5 Be1 39. c3 Bd2 40. b4 cxb4 41. cxb4 Be1 42. a3 Bf2 43. Bg4 Kc7 44. Bf5 Kb6 45. Bg4 Kc7 46. Bf5 Kb6 47. Bg4 Kc7 1/2-1/2

[Event "*** Titled Tuesday Blitz"]
[Site "Chess.com"]
[Date "2021.04.06"]
[Round "11"]
[White "BeyondMadness"]
[Black "WiktoriaPOL"]
[Result "1-0"]
[WhiteElo "2261"]
[BlackElo "2052"]
[TimeControl "180+1"]
[EndTime "12:05:11 PDT"]
[Termination "BeyondMadness won by resignation"]

1. d4 d5 2. c4 e5 3. dxe5 d4 4. Nf3 Nc6 5. Nbd2 Nge7 6. Nb3 Ng6 7. Nbxd4 Nxd4 8. Qxd4 Qxd4 9. Nxd4 Nxe5 10. e3 Bb4+ 11. Bd2 Bxd2+ 12. Kxd2 c5 13. Nb5 O-O 14. Be2 Be6 15. Kc3 Rfd8 16. Rhd1 Rac8 17. Nxa7 Rxd1 18. Rxd1 Ra8 19. Nb5 Bf5 20. a3 h6 21. Rd5 f6 22. f4 Be4 23. Rxc5 Nc6 24. Bf3 Bxf3 25. gxf3 Rd8 26. Rd5 Re8 27. e4 g5 28. Nd6 Re7 29. Nf5 Rc7 30. Nxh6+ Kh7 31. fxg5 fxg5 32. Ng4 Kg6 33. b4 1-0

[Event "*** Titled Tuesday Blitz"]
[Site "Chess.com"]
[Date "2021.04.06"]
[Round "11"]
[White "Anton_Demchenko"]
[Black "LenkaPtacnikova"]
[Result "1-0"]
[WhiteElo "2820"]
[BlackElo "2218"]
[TimeControl "180+1"]
[EndTime "12:05:12 PDT"]
[Termination "Anton_Demchenko won by resignation"]

1. e4 c5 2. Nf3 e6 3. g3 Nc6 4.
Bg2 e5 5. O-O g6 6. a3 Bg7 7. b4 cxb4 8. axb4 Nxb4 9. Ba3 Nc6 10. Nc3 Nge7 11. Bd6 O-O 12. Nb5 f5 13. d3 Rf6 14. Bc7 Qf8 15. Nd6 f4 16. g4 h6 17.
c3 g5 18. d4 Ng6 19. Nc4 Rf7 20. d5 b5 21. Nb6 axb6 22. Rxa8 Nce7 23. d6 Nc6 24.
Qb3 b4 25. cxb4 Qe8 26. Rc1 Nf8 27. b5 Nd4 28. Nxd4 exd4 29. Bxb6 Ne6 30. Rcxc8 1-0

[Event "*** Titled Tuesday Blitz"]
[Site "Chess.com"]
[Date "2021.04.06"]
[Round "11"]
[White "DarZay"]
[Black "aaaao"]
[Result "0-1"]
[WhiteElo "2224"]
[BlackElo "2585"]
[TimeControl "180+1"]
[EndTime "12:05:14 PDT"]
[Termination "aaaao won by checkmate"]

1. e4 e6 2. d4 d5 3. e5 c5 4. Nf3 Nc6 5. c3 Qb6 6. a3 c4 7. Nbd2 Na5 8. Be2 Bd7 9. O-O Ne7 10.
Rb1 Qc7 11. Ne1 Nc8 12. f4 Nb6 13. Bh5 g6 14. Bg4 O-O-O 15. Ndf3 h6 16. Nc2 Be7 17. Nb4 Kb8 18. Be3 Nb3 19. Nd2 a5 20. Nxb3 axb4 21. Nc5 b3 22. Ra1 Bc6 23. a4 Nd7 24. a5 Bb5 25.
Ra3 Nxc5 26. dxc5 Bxc5 27. Bxc5 Qxc5+ 28. Kh1 d4 29. Qf3 dxc3 30. Qxc3 Rd3 31. Qc1 Rhd8 32.
h3 Bc6 33. Be2 Rxh3# 0-1

[Event "*** Titled Tuesday Blitz"]
[Site "Chess.com"]
[Date "2021.04.06"]
[Round "11"]
[White "ethylalcohol"]
[Black "volunteers1998"]
[Result "0-1"]
[WhiteElo "2095"]
[BlackElo "2199"]
[TimeControl "180+1"]
[EndTime "12:05:14 PDT"]
[Termination "volunteers1998 won by resignation"]

1. d4 f5 2. Nc3 Nf6 3. Bg5 d5 4.
Bxf6 exf6 5. f3 Bb4 6. Qd3 O-O 7. Nh3 Re8 8. O-O-O a5 9. a3 Bxc3 10. Qxc3 Be6 11.
Nf4 c6 12. Nxe6 Rxe6 13. e4 fxe4 14. fxe4 Rxe4 15. Bd3 Re8 16. Rhe1 Nd7 17. Rxe8+ Qxe8 18. Re1 Qh5 19. Qb3 b5 20. a4 b4 21. h3 Qh4 22.
Re7 Kf8 23. Re2 Qxd4 24. Kb1 Nc5 25. Qa2 Nxd3 26. cxd3 Qxd3+ 27. Rc2 Re8 0-1

[Event "*** Titled Tuesday Blitz"]
[Site "Chess.com"]
[Date "2021.04.06"]
[Round "11"]
[White "Magila31"]
[Black "Snowflake"]
[Result "0-1"]
[WhiteElo "2337"]
[BlackElo "2489"]
[TimeControl "180+1"]
[EndTime "12:05:17 PDT"]
[Termination "Snowflake won by resignation"]

1. d4 a6 2. e4 b6 3. Bc4 c6 4. Nf3 d6 5. O-O e6 6. a4 f6 7. Nh4 g6 8. f4 Ra7 9. f5 exf5 10. exf5 d5 11. Bd3 g5 12. Qh5+ Kd7 13. Ng6 hxg6 14. Qxh8 Nh6 15. fxg6 Kd6 16. c4 Be6 17. c5+ bxc5 18.
dxc5+ Ke5 19. Be3 d4 20. Bf2 Nd7 21. Re1+ Kd5 22. Nd2 Nxc5 23. Bc4+ Kd6 24. Bxd4 Ng4 25. Bxc5+ Kxc5 26. Bxe6 Qd4+ 27. Kh1 Nf2+ 28. Kg1 Nh3+ 0-1

[Event "*** Titled Tuesday Blitz"]
[Site "Chess.com"]
[Date "2021.04.06"]
[Round "11"]
[White "Irishchessman16"]
[Black "mary-sanna"]
[Result "1-0"]
[WhiteElo "2272"]
[BlackElo "2112"]
[TimeControl "180+1"]
[EndTime "12:05:18 PDT"]
[Termination "Irishchessman16 won on time"]

1. e4 c5 2. Ne2 Nc6 3. Nbc3 g6 4. g3 Bg7 5. Bg2 d6 6. O-O e6 7. d3 Nge7 8. Be3 O-O 9. Qd2 Rb8 10. Bh6 b5 11. Bxg7 Kxg7 12. f4 b4 13. Nd1 Qb6 14. Ne3 a5 15. Kh1 Ba6 16. f5 exf5 17. exf5 f6 18. Nf4 Nd4 19. c3 Ndxf5 20. Nxf5+ Nxf5 21. Ne6+ Kf7 22. Nxf8 Rxf8 23. Rxf5 gxf5 24. Qh6 Bc8 25. Bd5+ Be6 26. Qxh7+ Ke8 27. Bxe6 Qc6+ 28. Kg1 Kd8 29. Qa7 Re8 30. Re1 1-0